Map: Catalyst LE

Players

NightEnD

  • Race: Protoss Protoss
  • League: Grandmaster
  • Spawn Location: 11:00

Serral - Winner!

  • Race: Zerg Zerg
  • League: Grandmaster
  • Spawn Location: 5:00

Event: WESG Barcelona European Finals 2017

VOD

Have the link to the VOD?

Description

Time

  • Played on: Nov. 24, 2017, 7:59 a.m.
  • Length: 10:43

All games in this series

Show
View Real Time Build Order
Export as new Build Order

NightEnD Protoss 

Build Orders: Oracle Opening, Phoenix Opening, Zealot Archon 

Get SALT Encoding   

  12  0:00  Probe  
  13  0:13  Probe  
  14  0:20  Pylon  
  14  0:25  Probe  
  15  0:38  Probe (Chrono Boost)  
  16  0:44  Gateway  
  16  0:49  Probe (Chrono Boost), Assimilator  
  17  0:56  Probe  
  18  1:08  Probe  
  19  1:20  Probe  
  20  1:32  Probe, Cybernetics Core  
  21  1:33  Pylon, Zealot  
  23  1:57  Nexus  
  23  1:59  Probe  
  24  2:06  Assimilator  
  24  2:11  Probe (Chrono Boost)  
  25  2:17  Stargate  
  26  2:23  Probe (Chrono Boost)  
  26  2:28  Adept (Chrono Boost)  
  28  2:31  Probe (Chrono Boost)  
  28  2:36  Warp Gate  
  29  2:43  Probe  
  30  2:55  Probe  
  30  3:00  Pylon  
  30  3:07  Probe  
  30  3:08  Oracle (Chrono Boost)  
  30  3:09  Probe  
  36  3:20  Probe (Chrono Boost)  
  36  3:21  Probe (Chrono Boost)  
  37  3:33  Probe (Chrono Boost)  
  37  3:34  Sentry  
  37  3:37  Phoenix  
  42  3:41  Probe x2 (Chrono Boost)  
  42  3:44  Probe  
  42  3:46  Pylon  
  42  3:47  Probe  
  44  3:52  Pylon  
  44  3:56  Probe  
  44  3:59  Probe  
  46  4:03  Assimilator  
  46  4:05  Assimilator  
  47  4:11  Probe x2 (Chrono Boost), Gateway  
  47  4:12  Gateway  
  48  4:23  Probe (Chrono Boost)  
  48  4:24  Robotics Facility  
  50  4:26  Probe x2 (Chrono Boost)  
  51  4:38  Twilight Council  
  51  4:50  Probe  
  51  4:51  Probe  
  53  4:57  Stalker  
  55  5:02  Probe  
  56  5:08  Zealot  
  56  5:09  Zealot  
  56  5:13  Gateway  
  60  5:16  Gateway  
  60  5:19  Gateway  
  60  5:21  Warp Prism  
  60  5:24  Templar Archives  
  60  5:25  Charge (Chrono Boost)  
  62  5:29  Zealot  
  64  5:36  Gateway  
  64  5:37  Gateway  
  64  5:52  Zealot x3  
  70  6:07  Pylon  
  70  6:08  Pylon  
  70  6:10  Pylon  
  69  6:12  Pylon  
  69  6:26  Zealot x6  
  81  6:39  High Templar x3  
  87  6:40  High Templar  
  87  6:44  Pylon  
  87  6:45  Archon x2  
  87  6:46  Pylon  
  89  6:47  High Templar x4  
  89  6:51  Archon  
  89  6:52  Archon  
  91  7:12  Zealot x4  
  91  7:13  Psionic Storm  
  78  7:19  Zealot x3  
  78  7:20  Zealot  
  60  7:33  Warp Prism (Chrono Boost)  
  60  7:35  High Templar x2  
  64  7:40  Zealot x6  
  56  8:02  High Templar x2  
  56  8:04  Zealot x4  
  64  8:19  High Templar, Zealot  
  68  8:24  Pylon, Immortal (Chrono Boost)  
  72  8:29  Zealot x4  
  80  8:47  Zealot x2  
  84  8:51  Zealot x2  
  84  8:53  Immortal (Chrono Boost)  
  92  9:00  High Templar x2  
  96  9:21  Zealot x5  
  96  9:32  Observer (Chrono Boost)  
  97  9:41  Zealot x3  
  97  9:42  Zealot x4  
  111  9:47  Pylon  
  111  9:48  Pylon  
  111  10:02  High Templar x2  
  111  10:03  High Templar  
  121  10:10  High Templar  
  121  10:12  Zealot x3  
  129  10:17  Zealot  
  129  10:18  Zealot x2  
Show
View Real Time Build Order
Export as new Build Order

Serral Zerg - Winner!

Build Orders: Pool First, Lurkers 

Get SALT Encoding   

  12  0:00  Drone  
  13  0:13  Overlord  
  13  0:17  Drone  
  14  0:31  Drone x2  
  14  0:34  Drone  
  17  0:45  Extractor  
  17  0:46  Drone  
  17  0:49  Spawning Pool  
  16  0:56  Drone  
  17  1:09  Drone  
  18  1:22  Hatchery  
  18  1:24  Drone  
  18  1:36  Queen  
  18  1:38  Zergling x2  
  21  1:45  Metabolic Boost  
  21  1:52  Overlord  
  21  1:55  Drone  
  22  2:10  Drone  
  22  2:11  Queen  
  22  2:12  Drone  
  26  2:22  Drone  
  27  2:33  Drone  
  27  2:34  Pneumatized Carapace  
  28  2:43  Hatchery  
  27  2:46  Drone  
  27  2:49  Drone  
  29  2:53  Drone  
  29  2:55  Zergling x2  
  31  2:59  Overlord  
  31  3:02  Drone  
  31  3:04  Drone  
  33  3:10  Drone x2  
  35  3:22  Drone x3  
  35  3:26  Spore Crawler  
  37  3:29  Queen  
  37  3:33  Drone, Spore Crawler  
  37  3:34  Drone x3  
  43  3:37  Spore Crawler  
  42  3:42  Overlord  
  42  3:45  Drone  
  43  3:52  Drone, Overlord  
  43  3:54  Lair  
  44  3:58  Drone x2  
  44  4:02  Queen  
  48  4:07  Drone x2  
  48  4:09  Drone  
  51  4:12  Queen  
  51  4:15  Drone  
  54  4:18  Drone  
  54  4:20  Drone, Extractor x2  
  54  4:26  Drone x2, Overlord  
  54  4:28  Drone  
  57  4:31  Overlord  
  57  4:32  Drone  
  58  4:46  Overlord  
  58  4:47  Drone x3  
  58  4:48  Drone x3  
  64  4:53  Hydralisk Den  
  64  4:54  Zergling x2  
  64  4:56  Overlord  
  64  4:57  Zergling x6  
  67  5:02  Overlord  
  67  5:04  Zergling x6  
  67  5:05  Zergling x2  
  71  5:13  Drone  
  72  5:15  Spore Crawler  
  72  5:17  Overlord  
  72  5:21  Overlord  
  71  5:24  Muscular Augments  
  71  5:26  Hydralisk  
  71  5:27  Hydralisk x2  
  77  5:30  Drone, Extractor  
  77  5:31  Drone x2  
  79  5:36  Hydralisk x2  
  79  5:37  Overseer  
  83  5:44  Hydralisk  
  83  5:47  Overlord x2  
  85  5:51  Hydralisk  
  87  5:59  Hydralisk x2  
  90  6:07  Hydralisk x2  
  90  6:08  Zergling x6  
  97  6:15  Hydralisk  
  97  6:16  Zergling x2  
  97  6:17  Zergling x10  
  105  6:20  Overlord  
  105  6:22  Overlord  
  104  6:25  Hydralisk  
  104  6:26  Hydralisk x2  
  110  6:35  Hydralisk x2  
  110  6:36  Zergling x2  
  115  6:43  Hydralisk  
  115  6:44  Zergling x2  
  118  6:47  Hydralisk  
  118  6:52  Zergling x12  
  126  6:59  Hydralisk x2  
  130  7:08  Hydralisk x3  
  118  7:09  Zergling x4  
  118  7:14  Hydralisk  
  115  7:20  Hydralisk x2  
  115  7:21  Zergling x12  
  118  7:26  Hydralisk  
  118  7:27  Zergling x4  
  120  7:35  Hydralisk x2, Zergling x2  
  124  7:42  Hydralisk  
  126  7:48  Zergling x10  
  124  7:58  Overlord x2  
  124  7:59  Overlord  
  124  8:00  Overlord x2  
  124  8:03  Overlord  
  124  8:04  Lurker Den, Extractor x2  
  118  8:05  Hatchery  
  118  8:07  Drone  
  118  8:08  Drone x2  
  118  8:09  Drone  
  118  8:11  Drone  
  122  8:13  Evolution Chamber  
  122  8:14  Drone  
  122  8:17  Drone x2  
  122  8:18  Drone  
  125  8:20  Drone  
  125  8:21  Drone  
  125  8:23  Drone  
  125  8:24  Drone  
  129  8:32  Overlord  
  129  8:40  Drone x3  
  125  8:42  Drone x2  
  125  8:45  Drone x3  
  125  8:46  Hydralisk x2  
  132  8:53  Zergling x2  
  132  8:54  Zergling x8  
  136  9:06  Queen  
  136  9:08  Hydralisk x2, Zergling x2  
  136  9:09  Zergling x2  
  141  9:16  Drone x2  
  141  9:20  Zergling x8  
  144  9:31  Lurker x4  
  144  9:32  Lurker  
  144  9:35  Hydralisk x3  
  144  9:36  Zergling x2  
  154  9:44  Hydralisk x2, Overlord  
  159  9:45  Zergling x2  
  159  9:46  Zergling x2  
  159  9:51  Hydralisk x2  
  159  9:52  Zergling x2  
  165  10:02  Hydralisk x4  
  165  10:06  Lurker x3  
  176  10:15  Hydralisk  
  176  10:16  Hydralisk x2, Zergling x2  
  176  10:17  Zergling x2  
Tags
 
Add a new tag
Caveats
  • Supply blocks, unpowered buildings, or Contaminate may cause inaccurate times.
  • Supply counts are checked every 10 seconds.